 Dungeon Crawl Stone Soup version 0.21.1-1-g345015fe64 (webtiles) character file.

97 SobakaSutulaya the Magician (level 4, -4/30 HPs)
             Began as a Mummy Wizard on May 11, 2018.
             Was an Initiate of Kikubaaqudgha.
             Splashed by a jelly's acid (11 damage)
             ... on level 3 of the Dungeon.
             The game lasted 00:11:14 (4377 turns).

SobakaSutulaya the Magician (Mummy Wizard)          Turns: 4377, Time: 00:11:15

Health: -4/30      AC:  1    Str: 10    XL:     4   Next: 42%
Magic:  1/11       EV: 12    Int: 18    God:    Kikubaaqudgha [......]
Gold:   124        SH:  0    Dex: 10    Spells: 11/14 levels left

rFire    x . .     SeeInvis .   f - +0 dagger
rCold    + + .     Gourm    .   (no shield)
rNeg     + + +     Faith    .   l - +2 robe {rC+}
rPois    ∞         Spirit   .   b - +0 hat
rElec    .         Reflect  .   (no cloak)
rCorr    .         Harm     .   (no gloves)
MR       .....                  m - +0 pair of boots
Stlth    ++........             (no amulet)
HPRegen  0.10/turn              (no ring)
MPRegen  0.12/turn              (no ring)

@: corroded
A: no food or potions, fire vulnerability, cold resistance 1, negative energy
resistance 3, torment resistance, unbreathing
a: Renounce Religion


You were on level 3 of the Dungeon.
You worshipped Kikubaaqudgha.
Kikubaaqudgha was noncommittal.
You were not hungry.

You visited 1 branch of the dungeon, and saw 4 of its levels.

You collected 124 gold pieces.

Inventory:

Hand Weapons
 f - a +0 dagger (weapon)
Armour
 a - a +0 robe
 b - a +0 hat (worn)
 d - a +0 leather armour
 l - a +2 robe of cold resistance (worn)
 m - a +0 pair of boots (worn)
Wands
 k - a wand of random effects (27)
Scrolls
 e - 2 scrolls of identify {unknown}
 g - a scroll of fear {unknown}
 h - a scroll of teleportation {unknown}
 i - a scroll of remove curse {unknown}
 j - a scroll of blinking {unknown}
 n - a scroll of immolation {unknown}
Books
 c - a book of Minor Magic

   Spells                             Type                      Level
   a - Magic Dart                     Conjuration                  1
   b - Blink                          Translocation                2
   c - Call Imp                       Summoning                    2
   d - Slow                           Hexes                        2
   e - Conjure Flame                  Conjuration/Fire             3
   f - Mephitic Cloud                 Conjuration/Poison/Air       3


   Skills:
 - Level 1.5 Dodging
 - Level 1.5 Stealth
 * Level 5.9 Spellcasting
 + Level 2.0 Conjurations
 - Level 0.7 Summonings
   Level 0.7 Translocations


You had 11 spell levels left.
You knew the following spells:

 Your Spells              Type           Power        Failure   Level  Hunger
a - Magic Dart            Conj           ##..         5%          1    N/A
b - Call Imp              Summ           #.......     14%         2    N/A

Dungeon Overview and Level Annotations

Branches:
Dungeon (4/15)
 Temple: D:4-7

Altars:
Fedhas
Kikubaaqudgha
Okawaru
Vehumet


Innate Abilities, Weirdness & Mutations

You do not eat or drink.
Your flesh is vulnerable to fire.
You are immune to poison.
Your flesh is cold resistant. (rC+)
You are immune to negative energy. (rN+++)
You are immune to unholy pain and torment.
You can survive without breathing.


Message History

Your crimson imp hits the jelly.
Your crimson imp is burned by acid!
The jelly barely misses you.
Something hits your crimson imp but does no damage.
Your crimson imp hits the jelly.
Your crimson imp is burned by acid!
The jelly misses you.
Something closely misses your crimson imp.
You climb upwards.
Your summoned ally is left behind.
There is a stone staircase leading down here.
You hit the jelly but do no damage.
Your hands burn!
The jelly is heavily wounded.
The jelly hits you. The acid corrodes you!
You are splashed with acid!
The acid burns!
The jelly closely misses you. The jelly hits you.
* * * LOW HITPOINT WARNING * * *
You are splashed with acid!
The acid burns!
You die...
Kikubaaqudgha rasps: "You have failed me!
Welcome... oblivion!"

#..>......#.# #.##....
#..######.#.# #.......
#.........#.# ######.# ##
##...#######.## #.# .# ##.....##
##...## #.# .###.......###.....##
##.#
.##.........#.......##########...
..+.........'....................
###.........###.@J..#######.##...
##.......## ##.>#.# #.###..
##.....## ####.# #.###.. ##...##
#.# #.##... ##'## #.# #.##.#.
#######.### #.# #.##.#.
........#.## #.# #......
######...#.## #.# ####.##
##..........# #.# #.#


You could see a jelly.

Vanquished Creatures
  An adder (D:2)
  A dart slug (D:1)
  4 leopard geckos
  2 orcs
  2 giant cockroaches
  4 goblins
  3 hobgoblins
  2 jackals (D:1)
  4 kobolds
  A quokka (D:2)
  A ball python (D:3)
  3 bats
  5 frilled lizards
  6 rats
39 creatures vanquished.

Vanquished Creatures (collateral kills)
  An orc wizard (D:3)
  Jessica (D:2)
  An adder (D:3)
  A worm (D:2)
  3 orcs
  3 goblins (D:2)
  2 kobolds (D:2)
12 creatures vanquished.

Vanquished Creatures (others)
  A human (D:2)
1 creature vanquished.

Grand Total: 52 creatures vanquished

Notes
Turn   | Place    | Note
-------+----------+-------------------------------------------
     0 | D:1      | SobakaSutulaya the Mummy Wizard began the quest for the Orb.
     0 | D:1      | Reached XP level 1. HP: 13/13 MP: 5/5
    73 | D:1      | Reached skill level 1 in Conjurations
   761 | D:1      | Reached XP level 2. HP: 19/19 MP: 5/7
  1897 | D:2      | Learned a level 2 spell: Call Imp
  1916 | D:2      | Reached skill level 5 in Spellcasting
  1916 | D:2      | Reached XP level 3. HP: 11/24 MP: 1/9
  2466 | D:2      | Noticed Jessica
  2501 | D:2      | Killed Jessica
  2790 | D:2      | Found an ancient bone altar of Kikubaaqudgha.
  2790 | D:2      | Noticed a human
  2794 | D:2      | Killed a human
  2830 | D:2      | Found a blossoming altar of Fedhas.
  3089 | D:2      | Became a worshipper of Kikubaaqudgha
  3296 | D:3      | Reached XP level 4. HP: 28/30 MP: 6/11
  3323 | D:3      | Found a radiant altar of Vehumet.
  3816 | D:3      | Found an iron altar of Okawaru.
  4377 | D:3      | Splashed by a jelly's acid

Skill      XL: |  1  2  3  4 |
---------------+-------------+-----
Conjurations   | 1 2 |  2.0
Spellcasting   | 5 |  5.9
Dodging        | |  1.5
Stealth        | |  1.5
Summonings     | |  0.7
Translocations | |  0.7

Action                   |  1- 3 |  4- 6 || total
-------------------------+-------+-------++-------
Melee: Unarmed           |     6 |       ||     6
       Dagger            |    52 |    11 ||    63
 Cast: Magic Dart        |    78 |    24 ||   102
       Call Imp          |     9 |     8 ||    17
Armor: Robe              |    12 |     4 ||    16
Dodge: Dodged            |    78 |    13 ||    91
